[ AOE2 MATCH · #492513164 ]
UnrankedDravidians vs Byzantines
[ REPLAY ANALYSIS · EXTRACTED FROM THE RECORDED GAME ]
Feudal
14:13
Castle
25:15
Imperial
—
| APM avg | 23.8 |
| APM peak | 88 |
| eAPM avg | 13.4 |
| Villagers / military | 106 / 45 |
Focus
⚔️ 21.3% · 🌾 78.7%
Archer ×29 · Skirmisher ×10 · Armored Elephant ×6
Feudal
9:18
Castle
20:09
Imperial
—
| APM avg | 65.9 |
| APM peak | 160 |
| eAPM avg | 29.0 |
| Villagers / military | 130 / 125 |
Focus
⚔️ 24.4% · 🌾 75.6%
Archer ×119 · Militia ×4 · Spearman ×1 · Skirmisher ×1
Feudal
8:54
Castle
25:18
Imperial
—
| APM avg | 24.8 |
| APM peak | 67 |
| eAPM avg | 14.5 |
| Villagers / military | 89 / 109 |
Focus
⚔️ 25.8% · 🌾 74.2%
Knight ×38 · Scout Cavalry ×33 · Battle Elephant ×33 · Scorpion ×5
Feudal
11:01
Castle
22:57
Imperial
—
| APM avg | 25.0 |
| APM peak | 77 |
| eAPM avg | 10.5 |
| Villagers / military | 57 / 29 |
Focus
⚔️ 20.8% · 🌾 79.2%
Archer ×25 · Mangonel ×1 · Scout Cavalry ×1 · Battle Elephant ×1 · Armored Elephant ×1
Match map
Initial resources + every placement click. Lines = walls · curves = elevation contours. ◆ gold · ⬟ stone · ● berries · ✦ relic · ◌ wall gap
Your base· ✓ Closed at 25:15 · 0t walls · 1 gate(s)
JediiMastaah's base· ✓ Closed at 20:09 · 16t walls · 1 gate(s)
Paladin12_Fans's base· ✓ Closed at 25:18 · 14t walls · 2 gate(s)
Falcon's base· ✓ Closed at 22:57 · 21t walls · 1 gate(s)
Smoothed initial terrain · ◌ = detected wall gap · hover for details
Inputs per minute
— NPG/- Americaneagle37 - - JediiMastaah
Build order — NPG/- Americaneagle37
First 150 of 244 actions detected
| 0:02 | Create | Villager (Male) ×4 |
| 0:03 | Create | Villager (Male) ×4 |
| 0:04 | Build | House |
| 0:06 | Build | House |
| 1:45 | Create | Villager (Male) |
| 1:46 | Create | Villager (Male) |
| 1:58 | Build | Lumber Camp |
| 2:07 | Create | Villager (Male) |
| 2:07 | Create | Villager (Male) |
| 2:30 | Create | Villager (Male) |
| 2:31 | Create | Villager (Male) |
| 2:49 | Create | Villager (Male) |
| 3:03 | Create | Villager (Male) |
| 3:04 | Create | Villager (Male) |
| 3:38 | Create | Villager (Male) |
| 3:39 | Create | Villager (Male) |
| 4:04 | Create | Villager (Male) |
| 4:04 | Create | Villager (Male) |
| 4:47 | Create | Villager (Male) |
| 4:47 | Create | Villager (Male) |
| 4:58 | Build | House |
| 5:19 | Create | Villager (Male) |
| 5:19 | Create | Villager (Male) |
| 6:17 | Create | Villager (Male) |
| 6:17 | Create | Villager (Male) |
| 6:17 | Create | Villager (Male) |
| 6:39 | Create | Villager (Male) |
| 6:39 | Create | Villager (Male) |
| 6:40 | Create | Villager (Male) |
| 6:51 | Build | House |
| 7:51 | Create | Villager (Male) |
| 7:52 | Create | Villager (Male) |
| 8:14 | Create | Villager (Male) |
| 8:15 | Research | Loom |
| 8:28 | Build | House |
| 9:56 | Build | Barracks |
| 10:23 | Create | Villager (Male) |
| 10:23 | Create | Villager (Male) |
| 10:28 | Create | Villager (Male) |
| 10:29 | Create | Villager (Male) |
| 10:36 | Build | House |
| 10:38 | Build | House |
| 10:43 | Build | House |
| 10:58 | Build | Mill |
| 11:24 | Build | House |
| 11:26 | Build | House |
| 11:36 | Research | Feudal Age |
| 12:49 | Build | House |
| 12:59 | Build | House |
| 13:50 | Build | Farm |
| 13:51 | Build | Farm |
| 13:53 | Build | Farm |
| 13:55 | Build | Farm |
| 14:13 | Age | Feudal Age |
| 14:15 | Build | Palisade Gate |
| 14:18 | Build | Archery Range |
| 14:20 | Build | Archery Range |
| 14:31 | Build | House |
| 14:32 | Build | House |
| 14:34 | Create | Villager (Male) |
| 14:35 | Create | Villager (Male) |
| 14:35 | Create | Villager (Male) |
| 14:35 | Create | Villager (Male) |
| 14:39 | Research | Double-Bit Axe |
| 15:08 | Create | Skirmisher |
| 15:08 | Create | Skirmisher |
| 15:23 | Build | Farm |
| 15:27 | Build | Blacksmith |
| 15:30 | Create | Villager (Male) |
| 15:50 | Build | Farm |
| 16:00 | Create | Skirmisher |
| 16:06 | Build | Watch Tower |
| 16:15 | Create | Skirmisher |
| 16:22 | Create | Skirmisher |
| 16:23 | Create | Skirmisher |
| 16:30 | Research | Fletching |
| 16:30 | Research | Padded Archer Armor |
| 16:31 | Research | Padded Archer Armor |
| 16:38 | Build | House |
| 16:58 | Create | Skirmisher |
| 16:59 | Create | Skirmisher |
| 17:02 | Create | Villager (Male) |
| 17:03 | Create | Villager (Male) |
| 17:04 | Create | Villager (Male) |
| 17:11 | Build | Farm |
| 17:27 | Create | Skirmisher |
| 17:27 | Create | Skirmisher |
| 18:04 | Build | Mining Camp |
| 18:06 | Create | Villager (Male) |
| 18:07 | Create | Villager (Male) |
| 18:17 | Create | Villager (Male) |
| 18:20 | Build | Lumber Camp |
| 18:50 | Create | Villager (Male) |
| 19:01 | Build | Palisade Gate |
| 19:10 | Build | Lumber Camp |
| 19:35 | Create | Villager (Male) |
| 19:51 | Research | Horse Collar |
| 20:07 | Create | Villager (Male) |
| 20:08 | Build | Farm |
| 20:22 | Build | Market |
| 20:31 | Build | Farm |
| 20:45 | Create | Villager (Male) |
| 20:45 | Create | Villager (Male) |
| 20:54 | Build | Farm |
| 20:55 | Build | Farm |
| 20:57 | Build | Farm |
| 20:58 | Build | Farm |
| 21:13 | Create | Villager (Male) |
| 21:44 | Create | Villager (Male) |
| 22:09 | Build | House |
| 22:10 | Build | House |
| 22:12 | Build | House |
| 22:13 | Build | House |
| 22:35 | Research | Castle Age |
| 22:41 | Build | Archery Range |
| 22:43 | Build | Archery Range |
| 22:46 | Build | Farm |
| 22:48 | Build | Farm |
| 22:50 | Build | Farm |
| 22:51 | Build | Farm |
| 23:15 | Build | House |
| 23:17 | Build | House |
| 23:19 | Build | House |
| 23:29 | Create | Archer ×5 |
| 23:33 | Research | Gold Mining |
| 23:48 | Build | Farm |
| 23:58 | Create | Archer |
| 24:01 | Create | Archer ×3 |
| 24:15 | Build | Farm |
| 24:22 | Build | Farm |
| 24:36 | Build | Farm |
| 24:52 | Build | Farm |
| 25:15 | Age | Castle Age |
| 25:16 | Research | Crossbowman (upgrade) |
| 25:41 | Research | Bodkin Arrow |
| 25:41 | Research | Leather Archer Armor |
| 25:54 | Create | Archer ×5 |
| 26:02 | Create | Villager (Male) |
| 26:03 | Create | Villager (Male) |
| 26:14 | Build | Town Center |
| 26:21 | Build | University |
| 26:38 | Build | Siege Workshop |
| 26:43 | Research | Wheelbarrow |
| 26:44 | Create | Villager (Male) |
| 27:25 | Create | Armored Elephant ×2 |
| 27:36 | Create | Villager (Male) |
| 27:36 | Create | Villager (Male) |
| 27:47 | Build | Farm |
| 27:50 | Build | Farm |
| 28:11 | Create | Villager (Male) |
Build order — JediiMastaah
First 150 of 401 actions detected
| 0:00 | Create | Villager (Male) |
| 0:01 | Create | Villager (Male) |
| 0:03 | Build | House |
| 0:04 | Build | House |
| 0:16 | Create | Villager (Male) |
| 0:26 | Create | Villager (Male) |
| 1:42 | Create | Villager (Male) |
| 1:43 | Create | Villager (Male) |
| 2:18 | Create | Villager (Male) |
| 2:18 | Create | Villager (Male) |
| 2:39 | Build | Lumber Camp |
| 2:42 | Create | Villager (Male) |
| 2:42 | Create | Villager (Male) |
| 3:13 | Create | Villager (Male) |
| 3:13 | Create | Villager (Male) |
| 3:13 | Create | Villager (Male) |
| 3:46 | Create | Villager (Male) |
| 3:46 | Create | Villager (Male) |
| 3:47 | Create | Villager (Male) |
| 3:51 | Build | House |
| 3:56 | Build | House |
| 4:21 | Create | Villager (Male) |
| 4:22 | Create | Villager (Male) |
| 4:59 | Create | Villager (Male) |
| 5:31 | Build | Mining Camp |
| 5:36 | Create | Villager (Male) |
| 5:37 | Create | Villager (Male) |
| 6:22 | Build | House |
| 6:23 | Build | House |
| 6:39 | Research | Loom |
| 7:07 | Research | Feudal Age |
| 7:07 | Research | Feudal Age |
| 7:29 | Build | House |
| 8:04 | Build | Barracks |
| 9:06 | Build | House |
| 9:18 | Age | Feudal Age |
| 9:19 | Build | Archery Range |
| 9:24 | Build | House |
| 9:30 | Create | Villager (Male) |
| 9:30 | Create | Villager (Male) |
| 10:00 | Build | Mill |
| 10:04 | Create | Villager (Male) |
| 10:10 | Create | Archer |
| 10:10 | Create | Archer |
| 10:19 | Build | House |
| 10:22 | Build | Palisade Wall |
| 10:30 | Create | Villager (Male) |
| 10:34 | Research | Double-Bit Axe |
| 10:49 | Create | Archer |
| 11:05 | Create | Villager (Male) |
| 11:10 | Build | Mill |
| 11:25 | Build | House |
| 11:26 | Build | Palisade Wall |
| 11:29 | Build | Palisade Wall |
| 11:34 | Create | Villager (Male) |
| 11:56 | Create | Archer |
| 12:14 | Build | Palisade Gate |
| 12:21 | Create | Villager (Male) |
| 12:24 | Create | Villager (Male) |
| 12:28 | Build | Farm |
| 12:29 | Build | Farm |
| 12:33 | Create | Archer |
| 12:40 | Create | Skirmisher |
| 12:40 | Create | Archer |
| 12:44 | Create | Archer |
| 12:52 | Build | Farm |
| 12:56 | Create | Villager (Male) |
| 13:02 | Build | Palisade Wall |
| 13:02 | Build | Palisade Wall |
| 13:13 | Build | Farm |
| 13:14 | Create | Villager (Male) |
| 13:36 | Create | Villager (Male) |
| 13:38 | Build | Farm |
| 13:42 | Build | Farm |
| 13:46 | Create | Villager (Male) |
| 13:52 | Create | Villager (Male) |
| 13:55 | Research | Horse Collar |
| 14:01 | Create | Villager (Male) |
| 14:06 | Create | Archer |
| 14:21 | Build | Farm |
| 14:45 | Create | Villager (Male) |
| 14:45 | Create | Villager (Male) |
| 14:57 | Build | Blacksmith |
| 15:05 | Create | Villager (Male) |
| 15:42 | Create | Archer |
| 15:45 | Research | Fletching |
| 15:48 | Build | Farm |
| 15:49 | Build | Farm |
| 15:51 | Build | Farm |
| 15:51 | Create | Villager (Male) |
| 15:57 | Create | Archer |
| 16:06 | Create | Archer |
| 16:15 | Create | Villager (Male) |
| 16:17 | Build | Farm |
| 16:24 | Build | Farm |
| 16:37 | Create | Villager (Male) |
| 16:37 | Create | Villager (Male) |
| 16:51 | Build | Farm |
| 17:09 | Build | Farm |
| 17:10 | Build | Farm |
| 17:29 | Research | Castle Age |
| 17:29 | Research | Castle Age |
| 17:50 | Build | Archery Range |
| 17:56 | Build | House |
| 17:57 | Build | House |
| 17:58 | Build | House |
| 17:58 | Build | House |
| 18:03 | Research | Padded Archer Armor |
| 18:03 | Research | Padded Archer Armor |
| 18:12 | Create | Archer |
| 18:13 | Create | Archer |
| 18:28 | Build | House |
| 18:29 | Build | House |
| 18:31 | Create | Archer |
| 18:37 | Build | House |
| 19:02 | Create | Archer |
| 19:02 | Create | Archer |
| 19:08 | Create | Archer |
| 19:23 | Create | Archer |
| 19:33 | Research | Gold Mining |
| 19:38 | Build | House |
| 19:40 | Build | House |
| 19:41 | Build | House |
| 19:41 | Build | House |
| 19:42 | Build | House |
| 19:47 | Create | Archer |
| 19:53 | Create | Villager (Male) |
| 19:53 | Create | Villager (Male) |
| 19:53 | Create | Villager (Male) |
| 19:53 | Create | Villager (Male) |
| 19:54 | Create | Villager (Male) |
| 20:09 | Age | Castle Age |
| 20:10 | Research | Bow Saw |
| 20:10 | Research | Bow Saw |
| 20:15 | Research | Crossbowman (upgrade) |
| 20:50 | Create | Archer |
| 20:51 | Create | Archer |
| 21:09 | Create | Archer |
| 21:09 | Create | Archer |
| 21:14 | Create | Spearman |
| 21:40 | Create | Archer |
| 21:41 | Create | Archer |
| 21:50 | Create | Archer |
| 21:50 | Create | Archer |
| 21:52 | Create | Villager (Male) |
| 21:53 | Create | Villager (Male) |
| 21:53 | Create | Villager (Male) |
| 21:53 | Create | Villager (Male) |
| 22:03 | Create | Archer |
| 22:03 | Create | Archer |
Build order — Paladin12_Fans
First 150 of 271 actions detected
| 0:01 | Create | Villager (Male) |
| 0:01 | Create | Villager (Male) |
| 0:03 | Build | House |
| 0:04 | Build | House |
| 0:20 | Create | Villager (Male) |
| 0:20 | Create | Villager (Male) |
| 1:44 | Create | Villager (Male) |
| 1:44 | Create | Villager (Male) |
| 1:44 | Create | Villager (Male) |
| 2:04 | Build | Lumber Camp |
| 2:13 | Create | Villager (Male) |
| 2:13 | Create | Villager (Male) |
| 2:33 | Create | Villager (Male) |
| 2:33 | Create | Villager (Male) |
| 3:02 | Create | Villager (Male) |
| 3:16 | Create | Villager (Male) |
| 3:16 | Create | Villager (Male) |
| 3:17 | Create | Villager (Male) |
| 3:39 | Build | House |
| 3:55 | Create | Villager (Male) |
| 3:55 | Create | Villager (Male) |
| 3:55 | Create | Villager (Male) |
| 4:13 | Create | Villager (Male) |
| 4:13 | Create | Villager (Male) |
| 4:32 | Build | Mill |
| 4:50 | Create | Villager (Male) |
| 4:51 | Create | Villager (Male) |
| 5:26 | Create | Villager (Male) |
| 5:26 | Create | Villager (Male) |
| 6:03 | Research | Loom |
| 6:44 | Research | Feudal Age |
| 8:00 | Build | House |
| 8:05 | Build | Palisade Wall |
| 8:07 | Build | Palisade Wall |
| 8:54 | Age | Feudal Age |
| 8:56 | Create | Villager (Male) |
| 9:08 | Build | Stable |
| 9:12 | Create | Villager (Male) |
| 9:14 | Research | Double-Bit Axe |
| 9:15 | Research | Horse Collar |
| 9:24 | Create | Villager (Male) |
| 9:41 | Build | Palisade Gate |
| 9:45 | Create | Villager (Male) |
| 10:28 | Create | Scout Cavalry |
| 10:35 | Build | House |
| 10:37 | Build | House |
| 10:42 | Create | Villager (Male) |
| 11:03 | Create | Villager (Male) |
| 11:25 | Build | House |
| 11:28 | Build | House |
| 11:32 | Create | Villager (Male) |
| 11:47 | Create | Villager (Male) |
| 12:03 | Create | Villager (Male) |
| 12:07 | Build | Farm |
| 12:07 | Build | Farm |
| 12:08 | Build | Farm |
| 12:08 | Build | Farm |
| 12:08 | Build | Farm |
| 12:08 | Build | Farm |
| 12:09 | Build | Farm |
| 12:09 | Build | Farm |
| 12:09 | Build | Farm |
| 12:09 | Build | Farm |
| 12:10 | Build | Farm |
| 12:10 | Build | Farm |
| 12:10 | Build | Farm |
| 12:10 | Build | Farm |
| 12:11 | Build | Farm |
| 12:12 | Create | Villager (Male) |
| 12:29 | Create | Villager (Male) |
| 12:42 | Build | Farm |
| 12:44 | Create | Villager (Male) |
| 13:05 | Create | Scout Cavalry |
| 13:05 | Create | Scout Cavalry |
| 13:15 | Build | Palisade Gate |
| 13:19 | Create | Villager (Male) |
| 13:27 | Create | Scout Cavalry |
| 13:42 | Create | Villager (Male) |
| 13:50 | Create | Villager (Male) |
| 14:07 | Build | Mill |
| 14:11 | Create | Villager (Male) |
| 14:16 | Build | House |
| 14:24 | Create | Scout Cavalry |
| 14:25 | Create | Scout Cavalry |
| 14:25 | Create | Scout Cavalry |
| 14:27 | Create | Villager (Male) |
| 15:02 | Build | Blacksmith |
| 15:45 | Create | Villager (Male) |
| 15:46 | Create | Scout Cavalry |
| 15:47 | Create | Villager (Male) |
| 15:52 | Build | Stable |
| 15:56 | Research | Scale Barding Armor |
| 16:02 | Build | Farm |
| 16:02 | Build | Farm |
| 16:02 | Build | Farm |
| 16:03 | Build | Farm |
| 16:03 | Build | Farm |
| 16:03 | Build | Farm |
| 16:03 | Build | Farm |
| 16:04 | Build | Farm |
| 16:08 | Create | Villager (Male) |
| 16:34 | Create | Scout Cavalry |
| 16:34 | Create | Scout Cavalry |
| 16:36 | Create | Villager (Male) |
| 16:40 | Build | Mining Camp |
| 16:59 | Create | Scout Cavalry |
| 16:59 | Create | Scout Cavalry |
| 17:02 | Research | Forging |
| 17:20 | Build | House |
| 17:22 | Build | House |
| 17:23 | Build | House |
| 17:32 | Create | Villager (Male) |
| 17:36 | Research | Bloodlines |
| 17:36 | Create | Scout Cavalry |
| 17:37 | Create | Scout Cavalry |
| 17:59 | Build | Farm |
| 18:09 | Build | House |
| 18:13 | Create | Villager (Male) |
| 18:14 | Create | Scout Cavalry |
| 18:14 | Create | Scout Cavalry |
| 18:16 | Create | Villager (Male) |
| 18:17 | Create | Villager (Male) |
| 18:17 | Create | Villager (Male) |
| 18:17 | Create | Villager (Male) |
| 18:35 | Build | Farm |
| 18:36 | Build | Farm |
| 18:43 | Create | Scout Cavalry |
| 18:44 | Create | Scout Cavalry |
| 18:45 | Create | Villager (Male) |
| 19:03 | Create | Villager (Male) |
| 19:09 | Build | Farm |
| 19:25 | Create | Villager (Male) |
| 19:28 | Create | Scout Cavalry ×2 |
| 19:34 | Build | Farm |
| 19:56 | Create | Scout Cavalry ×2 |
| 19:59 | Create | Villager (Male) |
| 19:59 | Create | Villager (Male) |
| 20:07 | Build | Farm |
| 20:09 | Build | Farm |
| 20:48 | Create | Villager (Male) |
| 20:50 | Create | Scout Cavalry ×4 |
| 21:09 | Create | Villager (Male) |
| 21:14 | Build | Farm |
| 21:15 | Build | Farm |
| 21:15 | Build | Farm |
| 21:15 | Build | Farm |
| 21:15 | Build | Farm |
| 21:16 | Build | Farm |
| 21:16 | Build | Farm |
| 21:16 | Build | Farm |
Build order — Falcon
First 150 of 155 actions detected
| 0:01 | Create | Villager (Male) |
| 0:01 | Create | Villager (Male) |
| 0:02 | Create | Villager (Male) |
| 0:02 | Build | House |
| 0:05 | Build | House |
| 0:22 | Create | Villager (Male) |
| 1:49 | Create | Villager (Male) |
| 1:49 | Create | Villager (Male) |
| 1:52 | Build | Lumber Camp |
| 2:17 | Create | Villager (Male) |
| 2:17 | Create | Villager (Male) |
| 2:43 | Create | Villager (Male) |
| 3:17 | Create | Villager (Male) |
| 3:36 | Build | House |
| 3:38 | Build | House |
| 3:44 | Create | Villager (Male) |
| 3:56 | Build | House |
| 3:57 | Build | House |
| 4:16 | Create | Villager (Male) |
| 4:16 | Create | Villager (Male) |
| 4:29 | Create | Villager (Male) |
| 5:12 | Create | Villager (Male) |
| 5:12 | Create | Villager (Male) |
| 6:12 | Create | Villager (Male) |
| 6:52 | Build | Barracks |
| 6:59 | Create | Villager (Male) |
| 7:17 | Research | Loom |
| 7:26 | Create | Villager (Male) |
| 8:06 | Create | Villager (Male) |
| 8:19 | Build | Mining Camp |
| 8:51 | Research | Feudal Age |
| 8:58 | Build | Palisade Gate |
| 9:36 | Build | House |
| 9:38 | Build | House |
| 9:57 | Create | Villager (Male) |
| 10:32 | Build | House |
| 10:39 | Create | Villager (Male) |
| 11:01 | Age | Feudal Age |
| 11:08 | Build | Archery Range |
| 11:11 | Build | Archery Range |
| 11:13 | Create | Villager (Male) |
| 11:19 | Build | Mill |
| 11:31 | Research | Double-Bit Axe |
| 11:54 | Create | Villager (Male) |
| 12:08 | Create | Archer |
| 12:09 | Create | Archer |
| 12:19 | Create | Villager (Male) |
| 12:38 | Create | Villager (Male) |
| 13:14 | Build | House |
| 13:16 | Create | Archer |
| 13:17 | Create | Archer |
| 13:23 | Build | Blacksmith |
| 13:25 | Create | Villager (Male) |
| 13:42 | Create | Villager (Male) |
| 13:43 | Create | Archer |
| 13:43 | Create | Archer |
| 13:56 | Build | Stone Wall |
| 13:59 | Create | Villager (Male) |
| 14:14 | Build | Market |
| 14:18 | Build | Stone Wall |
| 14:23 | Create | Villager (Male) |
| 14:29 | Create | Archer |
| 14:35 | Research | Fletching |
| 14:41 | Create | Archer |
| 15:14 | Create | Archer |
| 15:14 | Create | Archer |
| 15:40 | Create | Archer |
| 15:40 | Create | Archer |
| 15:43 | Research | Padded Archer Armor |
| 16:27 | Create | Archer |
| 16:28 | Create | Archer |
| 16:29 | Create | Villager (Male) |
| 16:29 | Create | Villager (Male) |
| 16:55 | Create | Villager (Male) |
| 16:56 | Create | Villager (Male) |
| 16:57 | Build | Farm |
| 16:59 | Create | Villager (Male) |
| 17:20 | Create | Villager (Male) |
| 17:23 | Build | Farm |
| 17:43 | Create | Archer |
| 17:43 | Create | Archer |
| 18:02 | Create | Archer |
| 18:17 | Build | Farm |
| 18:20 | Build | Farm |
| 18:23 | Build | House |
| 18:24 | Build | House |
| 18:28 | Build | Farm |
| 18:30 | Build | Farm |
| 18:37 | Build | Farm |
| 19:12 | Build | Farm |
| 19:14 | Build | Farm |
| 19:15 | Build | Farm |
| 19:20 | Build | House |
| 19:31 | Create | Villager (Male) |
| 19:46 | Build | Mining Camp |
| 20:17 | Research | Castle Age |
| 20:42 | Build | Stable |
| 21:43 | Create | Scout Cavalry |
| 22:36 | Create | Villager (Male) |
| 22:36 | Create | Villager (Male) |
| 22:57 | Age | Castle Age |
| 22:58 | Research | Crossbowman (upgrade) |
| 23:01 | Research | Bodkin Arrow |
| 23:16 | Build | Town Center |
| 23:23 | Build | House |
| 23:26 | Build | House |
| 23:35 | Create | Villager (Male) |
| 23:36 | Create | Villager (Male) |
| 23:56 | Create | Archer |
| 23:56 | Create | Archer |
| 23:57 | Create | Archer |
| 23:58 | Create | Archer |
| 24:13 | Research | Leather Archer Armor |
| 24:21 | Build | Farm |
| 24:29 | Build | Farm |
| 24:30 | Build | Farm |
| 24:31 | Build | Farm |
| 24:37 | Create | Archer |
| 24:37 | Create | Archer |
| 24:39 | Build | House |
| 24:40 | Build | House |
| 24:41 | Build | House |
| 24:49 | Build | Farm |
| 25:01 | Research | Horse Collar |
| 25:17 | Build | Castle |
| 25:21 | Create | Archer |
| 25:22 | Create | Archer |
| 25:36 | Create | Villager (Male) |
| 25:36 | Create | Villager (Male) |
| 25:39 | Create | Villager (Male) |
| 25:39 | Create | Villager (Male) |
| 25:56 | Build | House |
| 25:57 | Build | House |
| 25:58 | Build | House |
| 26:01 | Create | Battle Elephant |
| 26:08 | Create | Villager (Male) |
| 26:11 | Build | Farm |
| 26:19 | Build | Farm |
| 26:42 | Build | Siege Workshop |
| 26:48 | Create | Villager (Male) |
| 26:49 | Create | Villager (Male) |
| 26:50 | Create | Villager (Male) |
| 27:12 | Create | Villager (Male) |
| 27:12 | Create | Villager (Male) |
| 27:24 | Create | Mangonel |
| 27:33 | Create | Villager (Male) |
| 27:33 | Create | Villager (Male) |
| 27:38 | Create | Villager (Male) |
| 27:40 | Build | House |
| 27:42 | Build | Farm |
Match timeline
| 6:52 | Falcon · first_building Barracks |
| 8:04 | JediiMastaah · first_building Barracks |
| 8:05 | Paladin12_Fans · wall_segment Palisade Wall x4 |
| 8:07 | Paladin12_Fans · wall_segment Palisade Wall x10 |
| 8:54 | Paladin12_Fans · age_up feudal |
| 9:08 | Paladin12_Fans · first_building Stable |
| 9:18 | JediiMastaah · age_up feudal |
| 9:19 | JediiMastaah · first_building Archery Range |
| 9:56 | NPG/- Americaneagle37 · first_building Barracks |
| 10:22 | JediiMastaah · wall_segment Palisade Wall x4 |
| 11:01 | Falcon · age_up feudal |
| 11:08 | Falcon · first_building Archery Range |
| 11:26 | JediiMastaah · wall_segment Palisade Wall x3 |
| 11:29 | JediiMastaah · wall_segment Palisade Wall x8 |
| 13:02 | JediiMastaah · wall_segment Palisade Wall x1 |
| 13:02 | JediiMastaah · wall_segment Palisade Wall x1 |
| 13:56 | Falcon · wall_segment Stone Wall x21 |
| 14:13 | NPG/- Americaneagle37 · age_up feudal |
| 14:18 | NPG/- Americaneagle37 · first_building Archery Range |
| 14:18 | Falcon · wall_segment Stone Wall x1 |
| 20:09 | JediiMastaah · age_up castle |
| 20:16 | Falcon · first_market_buy 100 food |
| 20:42 | Falcon · first_building Stable |
| 22:57 | Falcon · age_up castle |
| 24:04 | Falcon · first_market_sell 100 wood |
| 25:15 | NPG/- Americaneagle37 · age_up castle |
| 25:17 | Falcon · first_building Castle |
| 25:18 | Paladin12_Fans · age_up castle |
| 26:09 | NPG/- Americaneagle37 · first_market_buy 500 stone |
| 26:38 | NPG/- Americaneagle37 · first_building Siege Workshop |
| 26:42 | Falcon · first_building Siege Workshop |
| 27:43 | JediiMastaah · first_market_buy 100 wood |
| 29:14 | Falcon · resign |
| 29:29 | JediiMastaah · first_building Siege Workshop |
| 30:12 | Paladin12_Fans · first_building Siege Workshop |
| 33:33 | JediiMastaah · first_market_sell 100 food |
| 33:57 | JediiMastaah · first_building Castle |
[ AI ANALYSIS · 1 CREDIT ]
What really happened in this match?
Wolo.gg analyzes every decision: build order, eco, micro, common mistakes by bracket. Personalized analysis on WhatsApp or Discord in 30 seconds.
Civ guide
Dravidians
Perfil
NPG/- Americaneagle37